 Dungeon Crawl Stone Soup version 0.16.2-12-gd0ad4c3 (webtiles) character file.

186424 faibistes the Eclecticist (level 17, -2/104 HPs)
             Began as a Deep Elf Wizard on Jan 2, 2018.
             Was the Champion of Sif Muna.
             Slain by an eight-headed hydra (5 damage)
             ... on level 4 of the Swamp on Jan 3, 2018.
             The game lasted 03:29:10 (63823 turns).

faibistes the Eclecticist (Deep Elf Wizard)        Turns: 63823, Time: 03:29:10

Health: -2/104     AC: 13    Str:  4    XL:     17   Next: 84%
Magic:  44/50      EV: 19    Int: 35    God:    Sif Muna [******]
Gold:   1098       SH:  0    Dex: 17    Spells: 10 memorised, 4 levels left

rFire  + + .     SeeInvis .     h - +7 dagger of Nemelex Xobeh's Favour {pierce, Int+4}
rCold  x x .     Clarity  .     x - +2 robe {Archmagi}
rNeg   . . .     SustAb   .     (no shield)
rPois  +         Gourm    .     b - +2 hat
rElec  .         Spirit   .     t - +2 cloak
rCorr  .         Warding  .     U - +2 pair of gloves
rMut   .         Stasis   .     L - +0 pair of boots of Integrity {MP+9 Dex+4 Stlth+}
MR     +....                    (no amulet)
Stlth  +++.......               W - ring of poison resistance
                                y - ring of wizardry

@: immune to fire clouds, deflect missiles, somewhat resistant to hostile
enchantments, fairly stealthy
A: horns 1, talons 1
a: Channel Energy, Forget Spell, Renounce Religion


You were on level 4 of the Swamp.
You worshipped Sif Muna.
Sif Muna was exalted by your worship.
You were not hungry.

You visited 7 branches of the dungeon, and saw 37 of its levels.

You collected 3855 gold pieces.
You spent 2757 gold pieces at shops.

Inventory:

Hand weapons
 h - the +7 dagger of Nemelex Xobeh's Favour (weapon) {pierce, Int+4}
   (You bought it in a shop on level 4 of the Orcish Mines)

   It inflicts extra damage upon your enemies.
   It affects your intelligence (+4).
Armour
 b - a +2 hat (worn)
 s - a +2 robe of magic resistance
 t - a +2 cloak (worn)
 x - a +2 robe of the Archmagi (worn)
 L - the +0 pair of boots of Integrity (worn) {MP+9 Dex+4 Stlth+}
   (You bought it in a shop on level 5 of the Dungeon)

   It affects your dexterity (+4).
   It affects your magic capacity (+9).
   It makes you more stealthy.
 U - a +2 pair of gloves (worn)
Jewellery
 a - an uncursed ring of protection from fire
 l - a +5 ring of intelligence
 u - an uncursed ring of see invisible
 v - an uncursed ring of protection from cold
 y - a ring of wizardry (left hand)
 W - a ring of poison resistance (right hand)
 Y - an uncursed ring of sustain abilities
Magical devices
 w - a wand of digging (14)
 A - a wand of confusion (16)
 C - a wand of confusion (31)
 E - a wand of fire (2)
 H - a wand of cold (4)
 P - a wand of fireball (4)
 Q - a wand of paralysis (15)
 T - a wand of fire (8)
Scrolls
 c - a scroll of amnesia
 e - 9 scrolls of teleportation
 f - 15 scrolls of remove curse
 g - 3 scrolls of immolation
 k - a scroll of magic mapping
 p - a scroll of enchant weapon
 D - 3 scrolls of recharging
 R - 5 scrolls of identify
 Z - a scroll of fog
Potions
 m - 8 potions of curing
 n - 3 potions of resistance
 r - 2 potions of cancellation
 z - 6 potions of haste
 F - 4 potions of might
 I - 5 potions of magic
 J - 7 potions of restore abilities
 K - 4 potions of brilliance
 M - 2 potions of invisibility
 S - a potion of heal wounds
Miscellaneous
 X - a phial of floods
Comestibles
 d - 17 bread rations
 j - 23 royal jellies
 o - 8 beef jerkies
 G - 16 meat rations


   Skills:
 + Level 10.9 Fighting
 - Level 10.0 Dodging
 - Level 2.4 Stealth
 * Level 18.0 Spellcasting
 * Level 12.3 Conjurations
 - Level 11.2 Charms
   Level 4.2 Summonings
 - Level 7.7 Translocations
   Level 0.7 Transmutations
 * Level 12.2 Fire Magic
 - Level 5.0 Air Magic
 * Level 12.4 Earth Magic
 - Level 3.1 Poison Magic
 - Level 10.0 Invocations
 - Level 9.3 Evocations


You had 4 spell levels left.
You knew the following spells:

 Your Spells              Type           Power        Failure   Level  Hunger
a - Airstrike             Air            #######...   1%          4    None
b - Ring of Flames        Chrm/Fire      ########..   4%          7    ###....
c - Magic Dart            Conj           ####         0%          1    None
d - Blink                 Tloc           N/A          1%          2    None
e - Poisonous Cloud       Conj/Pois/Air  #######...   4%          6    None
f - Deflect Missiles      Chrm/Air       #######...   3%          6    None
l - Lee's Rapid Deconstr  Erth           ########..   1%          5    None
v - Bolt of Fire          Conj/Fire      ########..   1%          6    None
x - Iron Shot             Conj/Erth      ########..   1%          6    None
z - Fireball              Conj/Fire      ########..   1%          5    None


Dungeon Overview and Level Annotations

Branches:
Dungeon (12/15)            Temple (1/1) D:4            Lair (8/8) D:11
  Swamp (5/5) Lair:4       Spider (5/5) Lair:4        Slime (0/6) Lair:6
    Orc (4/4) D:10            Elf (2/3) Orc:4

Altars:
Ashenzari
Cheibriados
Dithmenos
Elyvilon
Fedhas
Gozag
Kikubaaqudgha
Makhleb
Nemelex Xobeh
Okawaru
Qazlal
Ru
Sif Muna
Trog
Vehumet
Xom
Yredelemnul
Zin
The Shining One
Beogh
Jiyva

Shops:
D:4 [   D:5 *   D:7 }   D:8 (   Orc:2 }(=:   Orc:3 }   Orc:4 ([*:   Elf:1 [

Portals:
Trove: D:11 (give 13 potions of heal wounds)


Innate Abilities, Weirdness & Mutations

You are immune to clouds of flame.
You have a pair of small horns on your head.
You have sharp toenails.


Message History

* * * LOW HITPOINT WARNING * * *
The four-headed hydra bites you.
* * * LOW HITPOINT WARNING * * *
The four-headed hydra bites you!
* * * LOW HITPOINT WARNING * * *
The four-headed hydra bites you!
* * * LOW HITPOINT WARNING * * *
The swamp dragon is engulfed in roaring flames.
The four-headed hydra is engulfed in roaring flames.
The swamp dragon is engulfed in roaring flames.
The slime creature is engulfed in roaring flames.
The four-headed hydra is engulfed in roaring flames.
The swamp dragon is engulfed in roaring flames.
The eight-headed hydra is engulfed in a cloud of scalding steam.
The four-headed hydra is engulfed in roaring flames.
The swamp dragon is engulfed in roaring flames.
The slime creature is engulfed in roaring flames.
The eight-headed hydra is engulfed in a cloud of scalding steam.
The eight-headed hydra misses you. The eight-headed hydra bites you.
You die...

♣♣♣♣♣♣♣♣♣♣♣ ♣♣♣♣♣§.§§D§≈..♣♣
♣♣♣.♣≈>≈§≈JD@≈≈≈.♣♣
♣♣...P♣.≈≈§≈D≈≈≈≈≈.♣♣
♣♣♣♣..≈...≈§≈≈≈..≈...§≈♣♣♣♣
♣≈♣..≈..≈♣≈§≈§....♣♣≈≈♣♣≈.≈
.≈≈......♣.≈≈(≈≈..♣♣.≈≈≈...≈≈
♣≈♣≈♣≈.≈.≈.≈≈.≈≈≈§.....≈≈.≈≈≈♣
♣....≈...♣≈.≈≈≈≈≈≈.....≈≈≈≈≈.♣
..≈...≈.?≈♣.≈≈≈≈≈≈...≈≈..≈≈≈♣
........≈..≈≈≈≈≈...÷≈≈≈≈≈...♣


You could see an eight-headed hydra, a four-headed hydra, a swamp dragon and a
slime creature.

Vanquished Creatures
  A deep elf blademaster (Elf:2)
  A thorn hunter (Swamp:2)
  The ghost of faibistes the Eclecticist, a mighty DEWz of Sif Muna (Elf:2)
  Maud (Swamp:1)
  2 orc warlords
  2 emperor scorpions
  Josephine (Orc:2)
  Fannar (D:10)
  A ghost crab (Swamp:3)
  Nessos (D:11)
  14 hydras
  Erica (D:10)
  8 alligators
  3 death yaks (Lair:6)
  15 dancing weapons (Elf:2)
  A spectral fire giant (Swamp:3)
  4 orc high priests
  Nergalle (Lair:2)
  Erolcha (D:8)
  13 deep elf knights
  6 swamp dragons
  Maurice (D:8)
  3 deep elf summoners (Elf:1)
  Pikel (D:8)
  A shambling mangrove (Swamp:4)
  7 deep elf conjurers
  6 hill giants
  6 orc sorcerers
  An oklob plant (Lair:3)
  A griffon (Lair:8)
  2 ugly things
  2 hornets
  5 orc knights
  9 orb spiders
  23 wolf spiders
  3 moths of wrath (Spider:3)
  16 black mambas
  4 elephants (Lair:8)
  A cyclops (D:11)
  Joseph (D:10)
  The ghost of faibistes the Thaumaturge, an experienced DEWz of Sif Muna (D:7)
  A gargoyle (D:10)
  6 torpor snails
  A centaur skeleton (D:12)
  Psyche (D:10)
  21 spiny frogs
  12 demonic crawlers
  6 fire drakes (Lair:5)
  A small abomination (Elf:1)
  12 komodo dragons
  3 spriggan druids
  A fire drake (shapeshifter) (Elf:1)
  14 deep elf priests
  16 jumping spiders
  A red devil (Orc:3)
  Sonja (Swamp:1)
  10 polar bears (Lair:8)
  2 boulder beetles (Spider:1)
  4 trolls
  7 giant leeches
  Prince Ribbit (D:8)
  A two-headed ogre (D:10)
  A queen bee (D:11)
  A trapdoor spider zombie (D:10)
  11 blink frogs
  11 bog bodies
  7 ravens
  3 baby alligators (Swamp:3)
  32 redbacks
  10 slime creatures
  3 basilisks
  14 trapdoor spiders
  The ghost of faibistes the Magician, an average DEWz (D:5)
  18 tarantellas
  A wyvern (Lair:7)
  A vampire (D:11)
  21 spriggans
  21 deep elf magi
  4 shadows
  6 wraiths
  Eustachio (D:4)
  19 vampire mosquitoes
  4 hungry ghosts
  70 yaks
  28 deep elf fighters
  A steam dragon (D:9)
  Grum (D:9)
  26 wolves
  7 hippogriffs
  8 insubstantial wisps
  A warg (Orc:2)
  A mottled dragon (D:11)
  19 swamp worms
  A soldier ant (D:8)
  9 swamp drakes
  19 water moccasins
  22 orc warriors
  15 porcupines
  10 ice beasts
  2 necrophages
  2 slaves (D:8)
  14 wasps
  16 spiders
  7 centaurs
  3 sky beasts
  3 black bears
  16 ogres
  3 phantoms
  4 boring beetles
  2 big kobolds
  16 crocodiles
  Duvessa (D:5)
  A brain worm (D:8)
  21 giant frogs
  Blork the orc (D:5)
  3 jellies
  6 scorpions
  3 wights (D:7)
  A water moccasin skeleton (D:10)
  32 killer bees
  A troll skeleton (Swamp:3)
  3 troll zombies (Swamp:3)
  A giant frog zombie (D:9)
  Dowan (D:5)
  2 goliath beetles (D:10)
  5 crimson imps
  A centaur zombie (D:6)
  A quasit (D:11)
  31 orc priests
  A gnoll shaman (D:8)
  14 hounds
  2 giant frog skeletons (D:10)
  9 hell rats
  11 iguanas
  7 worker ants
  Natasha (thrice) (D:5)
  27 orc wizards
  3 sheep (D:10)
  2 killer bee zombies
  6 ogre zombies (D:10)
  2 hound zombies
  A hound skeleton (D:7)
  A worker ant zombie (D:5)
  20 adders
  10 gnolls
  111 river rats
  4 shadow imps
  2 worms (D:2)
  An adder zombie (D:7)
  6 giant geckos
  2 oozes
  220 orcs
  A ball python (D:3)
  2 bat zombies
  10 giant cockroaches
  29 goblins
  22 hobgoblins
  16 jackals
  14 quokkas
  20 bats
  5 giant newts
  2 giant spores
  A goblin zombie (D:10)
  2 hobgoblin skeletons (D:10)
  3 hobgoblin zombies (D:10)
  19 kobolds
  4 orc skeletons
  11 orc zombies
  2 quokka skeletons
  A quokka zombie (D:5)
  23 rats
  13 ballistomycetes
  3 briar patches (Swamp:2)
  3 bushes
  A crawling corpse (Elf:1)
  9 fungi
  9 plants
1616 creatures vanquished.

Vanquished Creatures (collateral kills)
  A crimson imp (D:5)
  2 gnolls (D:4)
  3 jackals (D:8)
6 creatures vanquished.

Vanquished Creatures (others)
  2 slaves (D:8)
  A crimson imp (D:4)
  An orc wizard (Orc:4)
  An orc priest (D:8)
  2 iron imps
  A centaur skeleton (D:8)
  An orc (D:8)
  3 giant spores (D:8)
  2 ballistomycetes (D:8)
  51 fungi
  39 plants
104 creatures vanquished.

Grand Total: 1726 creatures vanquished

Notes
Turn   | Place    | Note
--------------------------------------------------------------
     0 | D:1      | faibistes, the Deep Elf Wizard, began the quest for the Orb.
     0 | D:1      | Reached XP level 1. HP: 10/10 MP: 6/6
   364 | D:1      | Reached XP level 2. HP: 15/15 MP: 4/10
   368 | D:1      | Learned a level 2 spell: Blink
   371 | D:1      | Learned a level 2 spell: Call Imp
   896 | D:2      | Reached skill level 5 in Spellcasting
  1026 | D:2      | Reached XP level 3. HP: 19/19 MP: 8/14
  1070 | D:2      | Learned a level 3 spell: Conjure Flame
  1074 | D:2      | Learned a level 3 spell: Mephitic Cloud
  1440 | D:2      | Reached XP level 4. HP: 24/24 MP: 3/17
  1445 | D:2      | Learned a level 2 spell: Repel Missiles
  1612 | D:2      | Found a basalt altar of Yredelemnul.
  2498 | D:3      | Reached skill level 6 in Spellcasting
  2604 | D:5      | Entered Level 5 of the Dungeon
  2669 | D:5      | Reached XP level 5. HP: 28/28 MP: 6/20
  2672 | D:5      | Noticed faibistes' ghost (average DEWz)
  3022 | D:5      | Killed faibistes' ghost
  3022 | D:5      | Reached XP level 6. HP: 32/32 MP: 7/22
  3267 | D:3      | Found a sparkling altar of Nemelex Xobeh.
  3761 | D:4      | Found Gudghoal's Antique Armour Shoppe.
  3843 | D:4      | Noticed Eustachio
  3850 | D:4      | Killed Eustachio
  3850 | D:4      | Reached skill level 1 in Fighting
  3850 | D:4      | Reached skill level 7 in Spellcasting
  3985 | D:4      | Got a pitted whip
  3986 | D:4      | Identified the +9 whip "Niredef" {slash, *Rage Str+4 Stlth+} (You found it on level 4 of the Dungeon)
  4057 | D:4      | Reached XP level 7. HP: 38/38 MP: 19/25
  4258 | D:4      | Found a staircase to the Ecumenical Temple.
  4283 | Temple   | Entered the Ecumenical Temple
  4346 | Temple   | Became a worshipper of Sif Muna the Loreminder
  4695 | D:6      | Noticed a hungry ghost
  4700 | D:6      | Killed a hungry ghost
  4700 | D:6      | Reached skill level 8 in Spellcasting
  4700 | D:6      | Reached skill level 1 in Fire Magic
  4700 | D:6      | Reached skill level 1 in Air Magic
  4776 | D:5      | Noticed Natasha
  4784 | D:5      | Killed Natasha
  4784 | D:5      | Reached skill level 1 in Poison Magic
  4912 | D:5      | Noticed Duvessa
  4913 | D:5      | Noticed Dowan
  4919 | D:5      | Killed Duvessa
  4923 | D:5      | Killed Dowan
  4923 | D:5      | Acquired Sif Muna's first power
  5063 | D:5      | Noticed Blork the orc
  5068 | D:5      | Killed Blork the orc
  5154 | D:5      | Noticed a centaur
  5155 | D:5      | Found a bloodstained altar of Trog.
  5173 | D:5      | Killed a centaur
  5173 | D:5      | Reached XP level 8. HP: 41/44 MP: 27/27
  5376 | D:5      | Noticed a centaur
  5385 | D:5      | Killed a centaur
  5391 | D:5      | Reached skill level 5 in Dodging
  5482 | D:5      | Found a glowing silver altar of Zin.
  5531 | D:5      | Noticed Natasha
  5536 | D:5      | Killed Natasha
  5674 | D:4      | Bought a polished helmet for 256 gold pieces
  5684 | D:4      | Identified the +2 helmet of Space {-Cast rN++ MR+ Str+2 Int-5} (You bought it in a shop on level 4 of the Dungeon)
  5755 | D:5      | Reached skill level 5 in Conjurations
  5768 | D:5      | Noticed Natasha
  5775 | D:5      | Killed Natasha
  6163 | D:5      | Found an opulent altar of Gozag.
  6166 | D:5      | Found Gozag's Platinum Reserve.
  6579 | D:6      | Acquired Sif Muna's second power
  6683 | D:6      | Noticed a centaur
  6700 | D:6      | Killed a centaur
  6729 | D:6      | Reached skill level 9 in Spellcasting
  6913 | D:8      | Noticed Erolcha
  6928 | D:8      | Killed Erolcha
  6928 | D:8      | Reached XP level 9. HP: 48/48 MP: 23/29
  7028 | D:7      | Noticed an ogre
  7037 | D:7      | Killed an ogre
  7132 | D:8      | Noticed Pikel
  7646 | D:6      | Noticed a black bear
  7656 | D:6      | Killed a black bear
  7656 | D:6      | Reached skill level 1 in Charms
  7656 | D:6      | Reached skill level 1 in Invocations
  8220 | D:7      | Noticed a necrophage
  8221 | D:7      | Reached skill level 1 in Evocations
  8236 | D:7      | Killed a necrophage
  8453 | D:7      | You fall through a shaft!
  8593 | D:7      | Found Idwetyme's Gadget Boutique.
  9454 | D:7      | Noticed faibistes' ghost (experienced DEWz)
  9478 | D:7      | Killed faibistes' ghost
  9478 | D:7      | Reached skill level 10 in Spellcasting
 10014 | D:8      | Found a sparkling altar of Nemelex Xobeh.
 10014 | D:8      | Noticed Maurice
 10162 | D:8      | Killed Pikel
 10162 | D:8      | Reached XP level 10. HP: 25/56 MP: 24/31
 10483 | D:8      | Killed Maurice
 10483 | D:8      | Acquired Sif Muna's third power
 10938 | D:8      | Noticed Prince Ribbit
 10946 | D:8      | Killed Prince Ribbit
 11679 | D:8      | Found Effad's Antique Weapon Boutique.
 11700 | D:8      | Reached skill level 5 in Fire Magic
 12125 | D:8      | Found an iron altar of Okawaru.
 12522 | D:9      | Found a radiant altar of Vehumet.
 12554 | D:9      | Reached skill level 11 in Spellcasting
 12712 | D:10     | Entered Level 10 of the Dungeon
 12737 | D:9      | Identified a scroll of acquirement
 12745 | D:9      | Learned a level 5 spell: Lightning Bolt
 12748 | D:9      | Learned a level 2 spell: Swiftness
 13156 | D:9      | Noticed Grum
 13170 | D:9      | Killed Grum
 13456 | D:11     | Noticed a cyclops
 13460 | D:11     | Noticed Fannar
 13609 | D:10     | Noticed Erica
 13613 | D:10     | Killed Erica
 13613 | D:10     | Reached XP level 11. HP: 18/62 MP: 12/33
 13621 | D:10     | HP: 3/62 [something (3)]
 14057 | D:9      | Found a shadowy altar of Dithmenos.
 14059 | D:9      | Found a shattered altar of Ashenzari.
 14864 | D:10     | Found a staircase to the Orcish Mines.
 14877 | D:10     | Noticed Psyche
 14918 | D:10     | Killed Psyche
 14918 | D:10     | Reached skill level 5 in Invocations
 15536 | D:10     | Noticed a hill giant
 15547 | D:10     | Killed a hill giant
 16096 | D:11     | Noticed Joseph
 16096 | D:11     | Noticed a purple ugly thing
 16099 | D:11     | Killed a purple ugly thing
 16348 | D:10     | Reached skill level 5 in Translocations
 16366 | D:10     | Killed Joseph
 16366 | D:10     | Reached skill level 5 in Charms
 16915 | D:10     | Reached skill level 5 in Fighting
 17268 | D:10     | Killed Fannar
 17268 | D:10     | Reached skill level 12 in Spellcasting
 17268 | D:10     | Reached skill level 5 in Air Magic
 17544 | D:11     | Received a gift from Sif Muna
 17553 | D:10     | Learned a level 2 spell: Shroud of Golubria
 18084 | D:11     | Killed a cyclops
 18090 | D:11     | Noticed a hill giant
 18103 | D:11     | Killed a hill giant
 18352 | D:10     | Reached XP level 12. HP: 68/68 MP: 26/35
 18527 | D:10     | Noticed a hill giant
 18534 | D:10     | Killed a hill giant
 19178 | D:11     | Found a radiant altar of Vehumet.
 19675 | D:11     | Noticed a hill giant
 19742 | D:11     | Killed a hill giant
 19862 | D:11     | Found a portal to a secret trove of treasure.
 19864 | D:11     | Noticed Nessos
 19870 | D:11     | Killed Nessos
 19892 | D:11     | Noticed a hill giant
 19899 | D:11     | Killed a hill giant
 20112 | D:11     | Found a staircase to the Lair.
 20345 | Lair:1   | Entered Level 1 of the Lair of Beasts
 20499 | Lair:1   | Learned a level 4 spell: Passage of Golubria
 20971 | Lair:2   | Reached skill level 5 in Evocations
 20991 | Lair:2   | Noticed Nergalle
 21134 | Lair:2   | Killed Nergalle
 22107 | Lair:1   | Noticed a six-headed hydra
 22115 | Lair:1   | Killed a six-headed hydra
 22309 | Lair:1   | Received a gift from Sif Muna
 23609 | Lair:2   | Gained mutation: You have sharp toenails. [potion of beneficial mutation]
 23610 | Lair:2   | Gained mutation: You have a pair of small horns on your head. [potion of beneficial mutation]
 23773 | Lair:2   | Reached XP level 13. HP: 70/75 MP: 24/36
 25060 | Lair:3   | Reached skill level 13 in Spellcasting
 26023 | Lair:4   | Learned a level 5 spell: Lee's Rapid Deconstruction
 26186 | Lair:4   | Found a hole to the Spider Nest.
 26400 | Lair:5   | Reached skill level 1 in Earth Magic
 26911 | Lair:4   | Found a staircase to the Swamp.
 27671 | Lair:4   | Found a snail-covered altar of Cheibriados.
 28680 | Lair:4   | Received a gift from Sif Muna
 28805 | Lair:4   | Learned a level 5 spell: Fireball
 29597 | Lair:6   | Found a staircase to the Slime Pits.
 29781 | Lair:6   | Found a viscous altar of Jiyva.
 29942 | Lair:6   | Reached XP level 14. HP: 70/82 MP: 3/37
 30531 | Lair:6   | Reached skill level 10 in Charms
 32028 | Lair:7   | Reached skill level 14 in Spellcasting
 32145 | Lair:8   | Entered Level 8 of the Lair of Beasts
 32482 | Lair:7   | Got an ancient great mace
 32483 | Lair:7   | Identified the +1 great mace "Plysmuq" {freeze, -Tele rF+ rN+ Int+4} (You found it on level 7 of the Lair of Beasts)
 33215 | Lair:8   | Reached skill level 5 in Earth Magic
 35055 | Lair:8   | Received a gift from Sif Muna
 35055 | Lair:8   | Reached skill level 10 in Invocations
 35056 | Lair:8   | Identified Shuneuf's Grimoire of Battle Magic (Sif Muna gifted it to you on level 8 of the Lair of Beasts)
 35064 | Lair:8   | Learned a level 6 spell: Iron Shot
 36327 | Orc:1    | Entered Level 1 of the Orcish Mines
 36462 | D:10     | Noticed a hill giant
 37416 | Orc:2    | Found Shria's Gadget Shoppe.
 37920 | Orc:2    | Found a roughly hewn altar of Beogh.
 38028 | Orc:3    | Found Feajoh's Gadget Shop.
 38155 | Orc:3    | Found a staircase to the Elven Halls.
 38284 | Orc:2    | Found Triyhiyd's Jewellery Emporium.
 38571 | Orc:2    | Found Byony's Antique Weapon Shop.
 38747 | Orc:2    | Found Siahea's Book Boutique.
 38856 | Orc:2    | Reached XP level 15. HP: 88/88 MP: 33/39
 39175 | Orc:4    | Entered Level 4 of the Orcish Mines
 39533 | Orc:3    | Noticed Josephine
 39605 | Orc:2    | Got a slimy scimitar {flame}
 39606 | Orc:2    | Identified the +7 scimitar of Telaebe {flame, *Rage rC- Str+3 Int+4 Dex+5} (You took it off an orc on level 2 of the Orcish Mines)
 39775 | Orc:2    | Killed Josephine
 40392 | Orc:3    | Found a burning altar of Makhleb.
 40593 | Orc:3    | Noticed an orc warlord
 40604 | Orc:3    | Killed an orc warlord
 41000 | D:5      | Bought the +0 pair of boots of Integrity {MP+9 Dex+4 Stlth+} for 2270 gold pieces
 41665 | Orc:4    | Found a bloodstained altar of Trog.
 41794 | Orc:4    | Found a staircase to the Elven Halls.
 41831 | Orc:4    | Reached skill level 15 in Spellcasting
 42072 | Orc:4    | Reached skill level 10 in Fire Magic
 43215 | Orc:4    | Found Crogio's Antique Armour Boutique.
 43216 | Orc:4    | Found Boukku's Antique Weapon Shop.
 43217 | Orc:4    | Found Ziophax's General Store.
 43217 | Orc:4    | Found Peqacean's Book Boutique.
 43233 | Orc:4    | Bought a warped dagger for 231 gold pieces
 43233 | Orc:4    | Identified the +7 dagger of Nemelex Xobeh's Favour {pierce, Int+4} (You bought it in a shop on level 4 of the Orcish Mines)
 43709 | Lair:2   | Learned a level 7 spell: Ring of Flames
 43718 | Lair:2   | Learned a level 6 spell: Poisonous Cloud
 43983 | Elf:1    | Entered Level 1 of the Elven Halls
 44267 | Elf:1    | Reached skill level 10 in Dodging
 44267 | Elf:1    | Reached skill level 10 in Conjurations
 44577 | Elf:2    | Noticed faibistes' ghost (mighty DEWz)
 44579 | Elf:2    | Killed faibistes' ghost
 45202 | Elf:1    | Found Dykafomi's Armour Shop.
 45857 | D:10     | Killed a hill giant
 46738 | Elf:2    | Received a gift from Sif Muna
 46739 | Elf:2    | Identified Sif Muna's Almanac of Torrid Confrontation (Sif Muna gifted it to you on level 2 of the Elven Halls)
 46748 | Elf:2    | Learned a level 6 spell: Bolt of Fire
 46803 | Elf:2    | Found a runed gate.
 46804 | Elf:2    | Found a runed gate.
 46805 | Elf:2    | Found a runed gate.
 47030 | Elf:2    | Noticed a deep elf blademaster
 47037 | Elf:2    | Killed a deep elf blademaster
 47423 | Elf:2    | Reached XP level 16. HP: 96/96 MP: 29/40
 47803 | Elf:2    | Reached skill level 16 in Spellcasting
 48998 | Swamp:1  | Entered Level 1 of the Swamp
 49511 | Swamp:1  | Noticed Maud
 49516 | Swamp:1  | Killed Maud
 50052 | Swamp:1  | Reached skill level 10 in Earth Magic
 50242 | Swamp:1  | Noticed Sonja
 50246 | Swamp:1  | Killed Sonja
 51018 | Swamp:2  | Reached skill level 10 in Fighting
 51026 | Swamp:2  | Received a gift from Sif Muna
 51177 | Swamp:2  | Learned a level 4 spell: Airstrike
 52443 | Lair:2   | Learned a level 6 spell: Deflect Missiles
 52448 | Lair:2   | Learned a level 3 spell: Passwall
 52500 | Spider:1 | Entered Level 1 of the Spider Nest
 52707 | Lair:2   | Learned a level 5 spell: Fireball
 53594 | Spider:1 | Reached skill level 17 in Spellcasting
 54293 | Spider:1 | HP: 3/98 [poisoned by a wolf spider]
 54856 | Spider:2 | Reached XP level 17. HP: 98/103 MP: 27/41
 60443 | Spider:4 | Received a gift from Sif Muna
 60444 | Spider:4 | Identified Sif Muna's Papyrus of Battle Magic (Sif Muna gifted it to you on level 4 of the Spider Nest)
 61159 | Spider:5 | Entered Level 5 of the Spider Nest
 62525 | Swamp:5  | Entered Level 5 of the Swamp
 63271 | Swamp:4  | Reached skill level 18 in Spellcasting
 63820 | Swamp:4  | HP: 3/104 [four-headed hydra (7)]
 63823 | Swamp:4  | Slain by an eight-headed hydra

Action                   |  1- 3 |  4- 6 |  7- 9 | 10-12 | 13-15 | 16-18 || total
-------------------------+-------+-------+-------+-------+-------+-------++-------
Melee: Dagger            |       |    41 |   137 |   395 |   402 |    14 ||   989
       Short sword       |       |     1 |       |       |       |       ||     1
       Maul              |       |       |     5 |    15 |       |       ||    20
 Cast: Magic Dart        |    90 |   128 |   334 |   618 |   160 |     1 ||  1331
       Mephitic Cloud    |       |     4 |    28 |    83 |    17 |       ||   132
       Conjure Flame     |       |     5 |    37 |   123 |    78 |       ||   243
       Repel Missiles    |       |     1 |       |     2 |     3 |     2 ||     8
       Call Imp          |       |     2 |     4 |     1 |       |       ||     7
       Blink             |       |       |     7 |    44 |    26 |    12 ||    89
       Lightning Bolt    |       |       |       |    98 |   103 |       ||   201
       Swiftness         |       |       |       |     1 |     1 |       ||     2
       Fireball          |       |       |       |       |   435 |   180 ||   615
       Lee's Rapid Decon |       |       |       |       |    23 |    37 ||    60
       Iron Shot         |       |       |       |       |    32 |    59 ||    91
       Poisonous Cloud   |       |       |       |       |     4 |     1 ||     5
       Bolt of Fire      |       |       |       |       |     3 |   147 ||   150
       Ring of Flames    |       |       |       |       |     3 |    48 ||    51
       Airstrike         |       |       |       |       |       |    70 ||    70
       Deflect Missiles  |       |       |       |       |       |     2 ||     2
Invok: Channel Energy    |       |       |       |    53 |    62 |    52 ||   167
       Forget Spell      |       |       |       |       |     5 |     5 ||    10
Evoke: Wand              |       |       |       |     2 |     1 |       ||     3
  Use: Scroll            |       |     1 |     5 |    25 |    15 |    12 ||    58
       Potion            |       |       |     2 |     7 |     2 |     8 ||    19
 Stab: Confused          |       |       |     9 |     8 |     1 |       ||    18
       Sleeping          |       |       |     1 |     2 |     2 |     1 ||     6
       Distracted        |       |       |       |       |     2 |       ||     2
  Eat: Chunk             |     1 |     8 |    20 |    43 |    70 |    47 ||   189
       Fruit             |       |       |       |     6 |    11 |     6 ||    23
       Pizza             |       |       |       |     2 |     1 |       ||     3
       Beef jerky        |       |       |       |     1 |       |     2 ||     3
       Royal jelly       |       |       |       |       |     1 |     1 ||     2
       Bread ration      |       |       |       |       |       |     1 ||     1
